 Dungeon Crawl Stone Soup version 0.18.1-48-g4cf74bf (webtiles) character file.

156 Alarkh the Insei (level 5, -3/39 HPs)
             Began as a Vampire Monk on July 19, 2016.
             Was a Believer of Okawaru.
             Shot with a stone by a goblin (5 damage)
             ... on level 3 of the Dungeon.
             The game lasted 00:04:03 (2081 turns).

Alarkh the Insei (Vampire Monk)                     Turns: 2081, Time: 00:04:04

Health: -3/39      AC:  2    Str: 10    XL:     5   Next: 14%
Magic:  5/5        EV: 13    Int: 14    God:    Okawaru [**....]
Gold:   66         SH:  0    Dex: 16    Spells: 0 memorised, 4 levels left

rFire  . . .     SeeInvis +       - Unarmed
rCold  . . .     Gourm    .     a - +0 robe
rNeg   . . .     Faith    .     (no shield)
rPois  .         Spirit   .     (no helmet)
rElec  .         Dismiss  .     (no cloak)
rCorr  .         Reflect  .     (no gloves)
SustAt .         Harm     .     (no boots)
MR     .....                    (no amulet)
Stlth  +++.......               (no ring)
                                (no ring)

@: regenerating very quickly, not resistant to hostile enchantments, fairly
stealthy
A: fangs 3, see invisible, unbreathing
a: Heroism, Renounce Religion


You were on level 3 of the Dungeon.
You worshipped Okawaru.
Okawaru was pleased with you.
You were almost alive.

You visited 1 branch of the dungeon, and saw 3 of its levels.

You collected 66 gold pieces.

Inventory:

Armour
 a - a +0 robe (worn)
Scrolls
 b - a scroll of enchant armour {unknown}
 d - a scroll of immolation {unknown}
 e - a scroll of teleportation {unknown}
 g - a scroll of remove curse {unknown}
 h - 2 scrolls of amnesia {unknown}
 j - a scroll of blinking {unknown}
 k - a scroll of identify {unknown}
 m - a scroll of magic mapping {unknown}
Potions
 c - 4 potions of blood
 f - a potion of heal wounds {unknown}
 i - a potion of magic {unknown}
 l - a potion of agility {unknown}


   Skills:
 - Level 2.6 Fighting
 - Level 3.2 Dodging
 - Level 3.0 Stealth
 + Level 7.1 Unarmed Combat


You had 4 spell levels left.
You didn't know any spells.

Dungeon Overview and Level Annotations

Branches:
Dungeon (3/15)

Altars:
Dithmenos
Fedhas
Okawaru
Ru
Xom
Zin


Innate Abilities, Weirdness & Mutations

Your natural rate of healing is extremely fast.
You have razor-sharp teeth.
You have supernaturally acute eyesight.
You can survive without breathing.


Message History

Yummy - fresh blood!
The goblin shoots a stone.
The stone hits you.
* * * LOW HITPOINT WARNING * * *
The stone burns you.
* * * LOW HITPOINT WARNING * * *
Drink which item? (? for menu, Esc to quit)
Yummy - fresh blood!
The goblin shoots a stone.
The stone barely misses you.
Drink which item? (? for menu, Esc to quit)
Yummy - fresh blood!
The goblin shoots a stone.
The stone hits you.
* * * LOW HITPOINT WARNING * * *
The stone burns you.
* * * LOW HITPOINT WARNING * * *
The goblin shoots a stone.
The stone hits you.
* * * LOW HITPOINT WARNING * * *
The stone burns you.
* * * LOW HITPOINT WARNING * * *
You see here a stone.
The goblin shoots a stone.
The stone barely misses you.
You hear the slow rusting of a distant drain.
The goblin shoots a stone.
The stone hits you.
You die...

+## .... .....
.....###+###+####
..............!...
...........g.......
........#@♣.♣.#....
...................
........♣.♣(♣.♣....
.........(_.......
##....♣.♣.♣.♣....
#...# #...............
#...###....#.♣(♣.#.[..
#...#.........(.......
#...#.......###...##..


You could see a goblin.

Vanquished Creatures
  Terence (D:2)
  4 gnolls (D:2)
  3 adders (D:2)
  2 oozes (D:1)
  A worm (D:2)
  2 dart slugs (D:1)
  2 giant geckos
  5 bats
  4 giant cockroaches
  2 goblins
  6 hobgoblins
  4 jackals (D:2)
  5 kobolds
  A ball python (D:3)
  5 giant newts
  4 rats (D:1)
51 creatures vanquished.

Notes
Turn   | Place    | Note
--------------------------------------------------------------
     0 | D:1      | Alarkh the Vampire Monk began the quest for the Orb.
     0 | D:1      | Reached XP level 1. HP: 17/17 MP: 1/1
    62 | D:1      | Reached skill level 5 in Unarmed Combat
    62 | D:1      | Reached XP level 2. HP: 9/23 MP: 2/2
   358 | D:1      | Reached XP level 3. HP: 28/28 MP: 3/3
   961 | D:2      | Reached skill level 6 in Unarmed Combat
  1058 | D:2      | Reached XP level 4. HP: 11/34 MP: 4/4
  1257 | D:2      | Noticed Terence
  1290 | D:2      | Killed Terence
  1345 | D:2      | Found a shimmering altar of Xom.
  1346 | D:2      | Found a shimmering altar of Xom.
  1346 | D:2      | Found a shimmering altar of Xom.
  1346 | D:2      | Found a shimmering altar of Xom.
  1346 | D:2      | Found a shimmering altar of Xom.
  1346 | D:2      | Found a shimmering altar of Xom.
  1346 | D:2      | Found a shimmering altar of Xom.
  1348 | D:2      | Found a shimmering altar of Xom.
  1350 | D:2      | Found a shimmering altar of Xom.
  1403 | D:2      | Found a shadowy altar of Dithmenos.
  1405 | D:2      | Found a sacrificial altar of Ru.
  1409 | D:2      | Found a glowing silver altar of Zin.
  1731 | D:2      | Found a blossoming altar of Fedhas.
  1920 | D:2      | Reached XP level 5. HP: 39/39 MP: 5/5
  1940 | D:2      | Reached skill level 7 in Unarmed Combat
  2051 | D:3      | Found an iron altar of Okawaru.
  2062 | D:3      | Became a worshipper of Warmaster Okawaru
  2062 | D:3      | Reached * piety under Okawaru
  2062 | D:3      | Reached ** piety under Okawaru
  2078 | D:3      | HP: 1/39 [goblin/stone (2)]
  2081 | D:3      | Shot with a stone by a goblin

Skill      XL: |  1  2  3  4  5 |
---------------+----------------+-----
Unarmed Combat | 5 6 7 |  7.1
Fighting       | |  2.6
Dodging        | |  3.2
Stealth        | |  3.0

Action                   |  1- 3 |  4- 6 || total
-------------------------+-------+-------++-------
Melee: Unarmed           |    90 |    70 ||   160
       Bite              |     8 |     5 ||    13
       Punch             |     1 |     1 ||     2
  Use: Potion            |     9 |     7 ||    16
 Stab: Sleeping          |    10 |     4 ||    14
       Distracted        |       |     1 ||     1
Armor: Robe              |     7 |     9 ||    16
Dodge: Dodged            |    51 |    46 ||    97
